Map: Triton LE

Players

DarkPrelate

  • Race: Protoss Protoss
  • League: Platinum
  • Spawn Location: 11:00

pHARM - Winner!

  • Race: Zerg Zerg
  • League: Platinum
  • Spawn Location: 5:00

VOD

Have the link to the VOD?

Description

Time

  • Played on: Sept. 7, 2019, 1:18 p.m.
  • Length: 13:14
Show
View Real Time Build Order
Export as new Build Order

DarkPrelate Protoss 

Build Orders: Cannon Rush 

Get SALT Encoding   

  1  0:00  Probe  
  12  0:07  Probe  
  14  0:18  Pylon  
  14  0:22  Probe  
  15  0:37  Forge  
  15  0:39  Probe  
  16  0:52  Probe  
  17  0:58  Pylon  
  17  1:04  Probe  
  18  1:09  Pylon  
  18  1:23  Photon Cannon  
  18  1:29  Photon Cannon  
  18  1:34  Pylon  
  18  1:42  Photon Cannon  
  18  1:47  Probe  
  19  2:01  Photon Cannon  
  19  2:08  Photon Cannon  
  19  2:19  Photon Cannon  
  19  2:23  Pylon  
  19  2:33  Photon Cannon  
  19  2:34  Gateway  
  19  2:52  Gateway  
  19  2:54  Gateway  
  19  2:58  Assimilator  
  19  3:07  Assimilator  
  19  3:25  Zealot  
  21  3:42  Probe  
  21  3:43  Nexus  
  22  3:49  Cybernetics Core  
  22  4:01  Cybernetics Core  
  22  4:04  Probe  
  22  4:07  Pylon  
  23  4:12  Probe  
  24  4:18  Protoss Ground Armor Level 1  
  24  4:37  Stalker x2  
  28  4:40  Stalker  
  28  4:43  Warp Gate  
  30  5:20  Pylon  
  30  5:25  Pylon  
  30  5:26  Stalker x2  
  30  5:27  Stalker  
  36  5:30  Probe x2  
  38  5:38  Probe x2  
  38  6:08  Probe x2  
  38  6:09  Stalker  
  38  6:10  Stalker x2  
  44  6:16  Probe x2  
  48  6:26  Probe  
  39  7:04  Stalker x3  
  43  7:09  Probe  
  43  7:10  Probe  
  43  7:14  Assimilator  
  45  7:17  Assimilator  
  45  7:22  Probe  
  46  7:28  Robotics Facility  
  46  7:29  Robotics Facility  
  46  7:38  Probe  
  46  7:39  Probe  
  48  7:46  Probe  
  48  7:47  Probe, Nexus  
  50  7:56  Probe x2  
  50  8:11  Stalker x2  
  54  8:21  Pylon  
  54  8:22  Pylon  
  54  8:25  Pylon  
  54  8:39  Immortal x2  
  60  8:49  Stalker x2  
  62  8:57  Photon Cannon  
  62  8:58  Photon Cannon  
  62  9:09  Probe x3  
  65  9:13  Stalker x2  
  65  9:14  Stalker  
  71  9:21  Probe x3  
  67  9:33  Probe x2  
  59  9:42  Stalker x2  
  36  9:55  Immortal x2  
  30  10:06  Stalker  
  30  10:07  Stalker  
  36  10:15  Stalker  
  36  10:17  Probe  
  39  10:25  Probe  
  40  10:48  Sentry  
  42  10:50  Sentry x2  
  46  10:57  Immortal x2  
  54  11:20  Sentry x2  
  54  11:21  Sentry  
  60  11:26  Probe x2  
  60  11:32  Pylon  
  62  11:43  Pylon  
  62  11:51  Sentry x3  
  68  12:02  Assimilator  
  68  12:04  Assimilator  
  30  13:04  Stalker  
  30  13:05  Stalker x2  
Show
View Real Time Build Order
Export as new Build Order

pHARM Zerg - Winner!

Build Orders: Hatch First 

Get SALT Encoding   

  12  0:02  Drone  
  13  0:16  Overlord  
  13  0:17  Drone  
  14  0:35  Drone  
  15  0:37  Drone  
  16  0:51  Hatchery  
  16  0:55  Drone  
  16  0:56  Drone  
  17  1:16  Drone x2  
  19  1:31  Drone  
  20  1:51  Spawning Pool  
  20  1:53  Drone  
  20  1:54  Drone x2  
  22  2:13  Drone x2  
  23  2:23  Drone  
  23  2:24  Drone  
  24  2:43  Extractor  
  22  2:45  Extractor, Queen x2  
  22  2:46  Roach Warren  
  24  2:58  Spine Crawler  
  23  2:59  Overlord  
  23  3:21  Drone x5  
  27  3:51  Overlord  
  27  3:52  Hatchery  
  26  4:10  Drone  
  26  4:11  Drone x3  
  30  4:23  Lair  
  30  5:05  Roach x3  
  30  5:07  Overlord x3  
  36  5:18  Overlord  
  36  5:24  Overlord  
  36  5:25  Overlord  
  36  5:27  Ravager  
  36  5:28  Ravager x2  
  39  5:31  Roach  
  39  5:32  Roach x3  
  47  6:05  Overlord x2  
  47  6:10  Drone x5  
  52  6:18  Glial Reconstitution  
  52  6:35  Ravager x4  
  55  6:40  Roach x6  
  58  6:53  Roach x4  
  63  7:07  Drone x2  
  65  7:09  Queen  
  67  7:27  Drone x4  
  71  7:31  Hatchery  
  70  7:58  Roach x8  
  84  8:08  Roach  
  84  8:12  Extractor x2  
  85  8:18  Roach x4  
  92  8:21  Overlord x2  
  92  8:51  Drone x8  
  100  9:18  Drone  
  100  9:19  Drone x6  
  80  9:49  Drone x5  
  73  10:24  Spire  
  66  10:44  Roach x8  
  82  11:01  Drone x5, Extractor  
  82  11:02  Extractor  
  85  11:31  Overlord x2  
  85  11:33  Overlord  
  85  11:54  Mutalisk x2  
  85  11:55  Mutalisk x10  
  109  12:07  Drone  
  110  12:11  Drone  
  110  12:14  Drone  
  112  12:18  Mutalisk x10  
  112  12:21  Overlord x2  
  112  12:22  Overlord x4  
  130  12:36  Mutalisk x3  
  108  12:47  Mutalisk x2  
  106  13:06  Hatchery  
Tags
 
Add a new tag
Caveats
  • Supply blocks, unpowered buildings, or Contaminate may cause inaccurate times.
  • Supply counts are checked every 10 seconds.